 Dungeon Crawl Stone Soup version 0.30.1-4-g462c640d31 (webtiles) character file.

Game seed: 12533396515538127845

196 rddays123 the Caller (level 5, 0/36 HPs)
             Began as a Merfolk Summoner on Sept 14, 2023.
             Succumbed to a scorpion's poison
             ... on level 4 of the Dungeon on Sept 15, 2023.
             The game lasted 00:13:45 (2790 turns).

rddays123 the Caller (Merfolk Summoner)             Turns: 2790, Time: 00:13:46

Health: 0/36       AC:  2    Str:  8    XL:     5   Next: 75%
Magic:  1/9        EV: 13    Int: 17    God:
Gold:   107        SH:  0    Dex: 14    Spells: 3/9 levels left

rFire   . . .        k - +0 halberd
rCold   . . .        (shield currently unavailable)
rNeg    . . .        a - +0 robe
rPois   .            (no helmet)
rElec   .            (no cloak)
rCorr   .            (no gloves)
SInv    .            (no boots)
Will    .....        (no amulet)
Stlth   ++           (no ring)
HPRegen 0.26/turn    (no ring)
MPRegen 0.11/turn

%: no passive effects
@: lethally poisoned (0 -> -3)
A: (nimble swimmer 2), mertail
a: no special abilities


You were on level 4 of the Dungeon.
You visited 1 branch of the dungeon, and saw 4 of its levels.

You collected 107 gold pieces.

Inventory:

Hand Weapons
 e - a +0 club
 k - a +0 halberd (weapon)
Armour
 a - a +0 robe (worn)
Jewellery
 d - the ring of Urumy {rPois rN+}
   (You found it on level 2 of the Dungeon)

   [ring of poison resistance]

   rPois:     It protects you from poison.
   rN:        It protects you from negative energy.
 r - an amulet of regeneration
 u - a ring of resist corrosion
Wands
 l - a wand of mindburst (16)
Scrolls
 c - a scroll of noise
 f - a scroll of teleportation
 g - a scroll of fear {unknown}
 i - a scroll of poison {unknown}
 n - a scroll of torment {unknown}
 p - a scroll of enchant armour {unknown}
 q - a scroll of magic mapping {unknown}
 t - a scroll of blinking {unknown}
Potions
 b - a potion of magic
 h - a potion of ambrosia
 m - a potion of curing
 o - 2 potions of heal wounds
 s - a potion of cancellation
 v - a potion of lignification


   Skills:
 - Level 0.8 Fighting
 - Level 2.0 Polearms
 - Level 2.9 Dodging
 - Level 2.3 Stealth
 - Level 2.8 Spellcasting
 + Level 5.9 Summonings


You had 3 spell levels left.
You knew the following spells:

 Your Spells              Type           Power      Damage    Failure   Level
a - Summon Small Mammal   Summ           88%        N/A       1%          1
b - Call Imp              Summ           44%        N/A       2%          2
c - Call Canine Familiar  Summ           22%        N/A       4%          3

Your spell library contained the following spells:

 Spells                   Type           Power      Damage    Failure   Level
 Summon Guardian Golem    Hex/Summ       12%        N/A       16%         3
 Kiss of Death            Conj/Necr      8%         2d6       19%         1
 Confusing Touch          Hex            2%         N/A       47%         3
 Summon Lightning Spire   Summ/Air       12%        N/A       45%         4
 Dispel Undead            Necr           2%         3d7       87%         4
 Passage of Golubria      Tloc           2%         N/A       87%         4
 Silence                  Hex/Air        1%         N/A       99%         5
 Lehudib's Crystal Spear  Conj/Erth      1%         10d2      100%        8


Dungeon Overview and Level Annotations

Branches:
Dungeon (4/15)
 Temple: D:4-7

Altars:


Innate Abilities, Weirdness & Mutations

((You are very nimble when in or above water. (Stealth+, EV+, Speed+++)))
Your lower body shifts to a powerful aquatic tail in water.


Message History

The hound stops to sniff the ground.
The hound barely misses you.
Your cerulean imp hits the scorpion with a -2 spear.
The hound misses you. The scorpion stings your cerulean imp.
Your cerulean imp dies!
Your cerulean imp disappears in a puff of smoke!
Casting: Call Canine Familiar (dangerous; 4% risk of failure)
Confirm with . or Enter, or press ? or * to list all spells.
You don't have enough magic to cast this spell.
An orc comes into view. It is wielding a +0 flail.
Your hound appears confused.
The hound bites you. The hound bites you. Something hits your hound.
The hound closely misses you. The scorpion attacks as you move away!
The scorpion barely misses you. The scorpion attacks as you move away!
The scorpion barely misses you. The hound attacks as you move away!
The hound closely misses you. The hound bites you. The scorpion stings you.
You are poisoned.
The scorpion poisons you! The scorpion attacks as you move away!
The scorpion stings you but does no damage.
The hound attacks as you move away! The hound bites you.
* * * LOW HITPOINT WARNING * * *
You feel very sick.
* * * LOW HITPOINT WARNING * * *
You feel very sick. The hound misses you. The hound attacks as you move away!
The hound bites you but does no damage.
* * * LOW HITPOINT WARNING * * *
You feel sick. The hound attacks as you move away!
The hound closely misses you.
* * * LOW HITPOINT WARNING * * *
You feel sick. The hound misses you.
Things that are here:
a +0 flail; an orc corpse; a howler monkey corpse
* * * LOW HITPOINT WARNING * * *
You feel sick.
Items here: )) †††.
The hound attacks as you move away! The hound misses you.
You die...

##o# #..# #... ... #..#
#h.# #.. #..# #..# #.#
#..# #..# #.# #..# #..#
#.# #..# ##..### #.#
#..#
...##.#..h###.###..#
.............sh)@..#
...#.####.###.####.#####
## #. #.# #.# #.....# #.
#.# #.# #####.# . #.#
#.# #.# # #.# #.# #.#
#.# #.# #.# #.# #.# #.#
#.# #.# #.#


You could see a scorpion, a hound (ally target) and a friendly hound (summoned).

Vanquished Creatures
  A scorpion (D:4)
  2 adders
  4 orcs
  A ball python (D:3)
  An endoplasm (D:2)
  A goblin (D:4)
  A hobgoblin (D:3)
  2 jackals (D:3)
  2 quokkas
15 creatures vanquished.

Vanquished Creatures (collateral kills)
  A howler monkey (D:4)
  An adder (D:4)
  An ufetubus (D:4)
  A dart slug (D:2)
  4 orcs
  A ball python (D:2)
  3 bats (D:3)
  2 endoplasms
  2 giant cockroaches (D:3)
  2 goblins
  5 hobgoblins
  5 jackals (D:1)
  4 kobolds
  3 frilled lizards (D:2)
  8 rats
43 creatures vanquished.

Grand Total: 58 creatures vanquished

Notes
Turn   | Place    | Note
-------+----------+-------------------------------------------
     0 | D:1      | rddays123 the Merfolk Summoner began the quest for the Orb.
     0 | D:1      | Reached XP level 1. HP: 13/13 MP: 3/3
   470 | D:1      | Reached XP level 2. HP: 10/19 MP: 3/5
   473 | D:1      | Learned a level 2 spell: Call Imp
  1085 | D:2      | HP: 1/20 [poisoned by an adder]
  1108 | D:2      | Reached XP level 3. HP: 12/25 MP: 6/6
  1178 | D:2      | Identified the ring of Urumy {rPois rN+}
  1366 | D:2      | Reached skill level 1 in Polearms
  2025 | D:3      | Reached XP level 4. HP: 21/31 MP: 4/8
  2522 | D:4      | Noticed a scorpion
  2528 | D:4      | Learned a level 3 spell: Call Canine Familiar
  2547 | D:4      | Killed a scorpion
  2548 | D:4      | Reached skill level 5 in Summonings
  2548 | D:4      | Reached XP level 5. HP: 11/36 MP: 1/9
  2789 | D:4      | HP: 1/36 [poisoned by a scorpion]
  2790 | D:4      | Succumbed to a scorpion's poison

Illustrated notes

Levels and vault maps discovered:
D:1:      dpeg_arrival_circle_labyrinth_a, layout_basic
D:2:      layout_loops_cross
D:3:      layout_loops_ring
D:4:      layout_loops_ring, uniq_edmund, uniq_grinder

Skill      XL: |  1  2  3  4 |
---------------+-------------+-----
Polearms       | 1 2 |  2.0
Summonings     | 5 |  5.9
Fighting       | |  0.8
Dodging        | |  2.9
Stealth        | |  2.3
Spellcasting   | |  2.8

Action                     |  1- 3 |  4- 6 || total
---------------------------+-------+-------++-------
  Melee: Unarmed           |     2 |       ||     2
         Halberd           |    34 |    26 ||    60
   Cast: Summon Small Mamm |    49 |     2 ||    51
         Call Imp          |     7 |     9 ||    16
         Call Canine Famil |       |     4 ||     4
    Use: Potion            |     2 |       ||     2
         Scroll            |       |     6 ||     6
 Armour: Robe              |     9 |     9 ||    18
  Dodge: Dodged            |    55 |    33 ||    88
